 Dungeon Crawl Stone Soup version 0.22.0-36-g8e74550d25 (webtiles) character file.

328 Hanswurst the Chopper (level 6, -10/53 HPs)
             Began as a Hill Orc Monk on Aug 24, 2018.
             Hit by a stone thrown by Ijyb (12 damage)
             ... on level 4 of the Dungeon.
             The game lasted 00:32:12 (5693 turns).

Hanswurst the Chopper (Hill Orc Monk)               Turns: 5693, Time: 00:32:12

Health: -10/53     AC:  5    Str: 16    XL:     6   Next: 50%
Magic:  15/15      EV: 10    Int: 10    God:
Gold:   123        SH:  7    Dex: 13    Spells: 5/5 levels left

rFire    . . .     SeeInvis +   s - +0 hand axe
rCold    + . .     Gourm    .   f - +0 shield
rNeg     . . .     Faith    .   y - +2 leather armour {rC+}
rPois    .         Spirit   .   (no helmet)
rElec    .         Reflect  .   p - -1 cloak (curse)
rCorr    .         Harm     .   (no gloves)
MR       .....                  (no boots)
Stlth    ++........             (no amulet)
HPRegen  0.17/turn              k - ring of magical power
MPRegen  0.14/turn              m - ring of see invisible

@: no status effects
A: no striking features
a: no special abilities


You were on level 4 of the Dungeon.
You were very hungry.

You visited 1 branch of the dungeon, and saw 4 of its levels.

You collected 123 gold pieces.

Inventory:

Hand Weapons
 a - a +0 hand axe
 s - a +0 hand axe (weapon)
Missiles
 e - 77 stones (quivered)
Armour
 b - a +0 robe
 f - a +0 shield (worn)
 p - a cursed -1 cloak (worn)
 r - a +0 ring mail
 y - a +2 leather armour of cold resistance (worn)
Jewellery
 k - a ring of magical power (left hand)
 m - a ring of see invisible (right hand)
Wands
 g - a wand of polymorph (12)
 u - a wand of random effects (23)
Scrolls
 d - a scroll of fear {unknown}
 h - a scroll of identify
 j - a scroll of amnesia {unknown}
 o - a scroll of enchant armour {unknown}
 q - a scroll of teleportation {unknown}
 w - a scroll of random uselessness {unknown}
 x - a scroll of magic mapping {unknown}
 A - a scroll of enchant weapon {unknown}
Potions
 i - a potion of haste {unknown}
 l - a potion of lignification {unknown}
 n - a potion of cancellation {unknown}
 t - a potion of might
 v - a potion of agility {unknown}
 z - a potion of mutation {unknown}
 B - a potion of degeneration {unknown}
Comestibles
 c - 10 rations


   Skills:
 + Level 4.7 Fighting
 + Level 6.3 Axes
 + Level 0.4 Throwing
 + Level 2.2 Armour
 + Level 3.2 Dodging
 + Level 2.8 Stealth
 + Level 0.4 Shields


You had 5 spell levels left.
You didn't know any spells.
Your spell library was empty.

Dungeon Overview and Level Annotations

Branches:
Dungeon (4/15)
 Temple: D:4-7

Altars:
Dithmenos
Makhleb
The Shining One

Annotations:
D:4 Ijyb


Message History

Your shield prevents you from hitting Ijyb.
You block Ijyb's attack.
You hit Ijyb.
Ijyb is lightly wounded.
Ijyb hits you with a dagger of protection!
You hit Ijyb but do no damage.
Ijyb is lightly wounded.
Ijyb misses you.
Ijyb hits you with a dagger of protection!
Ijyb zaps a wand.
The puff of flame hits you!
* * * LOW HITPOINT WARNING * * *
Ijyb zaps a wand.
The puff of flame hits you!
* * * LOW HITPOINT WARNING * * *
Ijyb zaps a wand.
The puff of flame hits you!
* * * LOW HITPOINT WARNING * * *
Aiming: Random Effects
Press: ? - help, Shift-Dir - straight line, f/p - Ijyb
Aim: Ijyb the centaur, wielding a dagger of protection and carrying a wand of flame (13) (lightly wounded) Ijyb seems to speed up.
Ijyb throws a stone.
The stone hits you!
You die...

#......# #......# #......#
#......###########
'#########.................
.........(.................
.......(...................
...........................
..........@..........######
....###c########.....#.....
... ...> #.....#..... ..
#.... #.....#....# . ####'
####.....#....# ..
.........######
.........#.....
.........#.....
.........######


You could see Ijyb the centaur.

Vanquished Creatures
  2 hounds
  An iguana (D:4)
  Natasha (D:4)
  2 worker ants (D:4)
  2 hound skeletons (D:4)
  5 adders
  An ooze (D:1)
  3 worms (D:2)
  4 dart slugs
  4 leopard geckos
  3 orcs
  8 bats
  5 giant cockroaches
  6 hobgoblins
  4 jackals
  12 kobolds
  A quokka (D:4)
  2 frilled lizards
  7 goblins
  4 rats
77 creatures vanquished.

Notes
Turn   | Place    | Note
-------+----------+-------------------------------------------
     0 | D:1      | Hanswurst the Hill Orc Monk began the quest for the Orb.
     0 | D:1      | Reached XP level 1. HP: 19/19 MP: 1/1
   198 | D:1      | Reached XP level 2. HP: 27/27 MP: 2/2
   417 | D:1      | Reached XP level 3. HP: 23/33 MP: 3/3
  1287 | D:2      | Reached skill level 1 in Armour
  1665 | D:2      | Reached XP level 4. HP: 27/40 MP: 4/4
  1978 | D:2      | Reached skill level 5 in Axes
  2488 | D:2      | Found a glowing golden altar of the Shining One.
  3069 | D:3      | Reached XP level 5. HP: 31/47 MP: 5/5
  3326 | D:3      | Found a burning altar of Makhleb.
  4182 | D:4      | Noticed Ijyb
  4510 | D:4      | Reached XP level 6. HP: 33/53 MP: 6/6
  4790 | D:4      | Reached skill level 6 in Axes
  4957 | D:4      | Noticed Natasha
  4982 | D:4      | Killed Natasha
  4989 | D:4      | HP: 2/53 [worker ant (5)]
  5592 | D:4      | Found a shadowy altar of Dithmenos.
  5684 | D:4      | Noticed Ijyb
  5684 | D:4      | Ijyb changed into Ijyb the centaur
  5692 | D:4      | HP: 2/53 [Ijyb the centaur/wand of flame (14) (6)]
  5693 | D:4      | Hit by a stone thrown by Ijyb

Skill      XL: |  1  2  3  4  5  6 |
---------------+-------------------+-----
Fighting       | 4 |  4.7
Armour         | 1 2 |  2.2
Axes           | 5 6 |  6.3
Dodging        | 3 |  3.2
Stealth        | 2 |  2.8
Throwing       | |  0.4
Shields        | |  0.4

Action                   |  1- 3 |  4- 6 || total
-------------------------+-------+-------++-------
Melee: Hand axe          |   123 |   275 ||   398
Throw: Stone             |     8 |    30 ||    38
Evoke: Wand              |       |     5 ||     5
  Use: Potion            |       |     5 ||     5
       Scroll            |       |     1 ||     1
 Stab: Sleeping          |     3 |     3 ||     6
  Eat: Chunk             |     2 |    12 ||    14
Armor: Leather armour    |    24 |    56 ||    80
       Ring mail         |       |    20 ||    20
Dodge: Dodged            |    91 |   156 ||   247
Block: Shield            |       |    53 ||    53
